 Dungeon Crawl Stone Soup version 0.32-a0-484-g2eb335deba (webtiles) character file.

Game seed: 14364611890562861272

350 Dirtsage the Shooter (level 6, 0/44 HPs)
             Began as a Demonspawn Hunter on Feb 26, 2024.
             Slain by a gnoll
             ... wielding a +0 whip
             ... led by a gnoll bouda
              (1 damage)
             ... on level 4 of the Dungeon.
             The game lasted 00:03:40 (2273 turns).

Dirtsage the Shooter (Demonspawn Hunter)            Turns: 2273, Time: 00:03:40

Health: 0/44       AC:  5    Str: 11    XL:     6   Next: 33%
Magic:  6/6        EV: 12    Int:  9    God:
Gold:   180        SH:  0    Dex: 19    Spells: 5/5 levels left

rFire   . . .        a - +0 shortbow
rCold   . . .        (shield currently unavailable)
rNeg    . . .        c - +0 leather armour
rPois   .            (no helmet)
rElec   .            (no cloak)
rCorr   .            (no gloves)
SInv    .            (no boots)
Will    .....        (no amulet)
Stlth   ++           (no ring)
HPRegen 0.27/turn    (no ring)
MPRegen 0.10/turn

%: no passive effects
@: no status effects
A: yellow scales 1, demonic touch 1
a: no special abilities


You were on level 4 of the Dungeon.
You visited 1 branch of the dungeon, and saw 4 of its levels.

You collected 180 gold pieces.

Inventory:

Hand Weapons
 a - a +0 shortbow (weapon)
Armour
 c - a +0 leather armour (worn)
Scrolls
 b - a scroll of butterflies
 g - a scroll of fog {unknown}
 i - a scroll of blinking {unknown}
 j - 2 scrolls of teleportation {unknown}
 l - a scroll of vulnerability {unknown}
 n - a scroll of revelation {unknown}
 o - a scroll of identify {unknown}
Potions
 d - 2 potions of haste {unknown}
 e - 2 potions of degeneration {unknown}
 f - a potion of lignification {unknown}
 h - 2 potions of heal wounds {unknown}
 k - a potion of ambrosia {unknown}
 m - a potion of might {unknown}


   Skills:
 - Level 2.0 Fighting
 + Level 7.0 Ranged Weapons
 - Level 1.7 Dodging
 - Level 0.8 Stealth


You had 5 spell levels left.
You didn't know any spells.
Your spell library contained the following spells:

 Spells                   Type           Power      Damage    Failure   Level
 Lesser Beckoning         Tloc           0%         N/A       63%         2
 Gell's Gravitas          Tloc           0%         N/A       85%         3
 Teleport Other           Tloc           0%         N/A       85%         3


Dungeon Overview and Level Annotations

Branches:
Dungeon (4/15)
 Temple: D:4-7

Altars:
Kikubaaqudgha
Trog
Yredelemnul

Shops:
D:2 :


Innate Abilities, Weirdness & Mutations

You are partially covered in yellow scales. (AC +2)
Your touch may inflict minor irresistible damage on your foes.


Message History

The bullfrog hits you but does no damage.
The bullfrog closely misses you.
You shoot an arrow. The arrow hits the bullfrog!
The bullfrog is severely wounded.
The bullfrog hits you.
* * * LOW HITPOINT WARNING * * *
You take 1 damage, and have 5/44 hp.
You shoot an arrow.
The arrow hits the bullfrog but does no damage.
The bullfrog is severely wounded.
The bullfrog barely misses you.
The bullfrog hits you but does no damage.
You shoot an arrow. The gnoll bouda shouts!
The arrow hits the bullfrog.
The bullfrog is severely wounded.
The bullfrog closely misses you.
The bullfrog hits you but does no damage.
You shoot an arrow. The arrow hits the bullfrog.
The bullfrog is severely wounded.
The bullfrog hits you.
* * * LOW HITPOINT WARNING * * *
A kobold comes into view. It is wielding a +0 dagger.
You take 2 damage, and have 3/44 hp.
You shoot an arrow. The arrow closely misses the bullfrog.
The kobold shouts!
The bullfrog misses you. The bullfrog hits you.
* * * LOW HITPOINT WARNING * * *
You take 1 damage, and have 2/44 hp.
You shoot an arrow. The arrow hits the bullfrog!
You kill the bullfrog!
The gnoll hits you with a +0 whip.
* * * LOW HITPOINT WARNING * * *
The gnoll bouda barks out a call to the hunt!
The gnoll picks up the pace!
You hear a shout!
Your Ranged Weapons skill increases to level 7!
You take 1 damage, and have 1/44 hp.
The gnoll attacks as it pursues you! The gnoll hits you with a +0 whip.
You die...

### #.#
########.###########
..†........)........
..##...g@#########.
...Kg............
..#####.........#
####....######
.##..........### ###
....###.÷###........
?...................
........#>.####.....
.###........##......


You could see a gnoll bouda, a gnoll (swift) and a kobold.

Vanquished Creatures
  A phantom (D:4)
  A bullfrog (D:4)
  Natasha (D:3)
  An orc wizard (D:2)
  2 gnolls (D:4)
  5 adders
  2 ufetubi (D:4)
  3 dart slugs
  4 orcs
  5 endoplasms
  4 giant cockroaches
  9 goblins
  8 hobgoblins
  6 jackals
  2 kobolds
  3 quokkas
  7 ball pythons
  7 bats
  2 frilled lizards
  5 rats
78 creatures vanquished.

Notes
Turn   | Place    | Note
-------+----------+-------------------------------------------
     0 | D:1      | Dirtsage the Demonspawn Hunter began the quest for the Orb.
     0 | D:1      | Reached XP level 1. HP: 16/16 MP: 1/1
    59 | D:1      | Reached skill level 4 in Ranged Weapons
    62 | D:1      | Gained mutation: You are partially covered in yellow
                  | scales. (AC +2) [demonic ancestry]
    62 | D:1      | Reached XP level 2. HP: 10/22 MP: 2/2
   651 | D:2      | Reached XP level 3. HP: 27/27 MP: 3/3
   751 | D:2      | Found Reommol's Book Shop.
   936 | D:2      | Reached skill level 5 in Ranged Weapons
  1089 | D:2      | Gained mutation: Your touch may inflict minor irresistible
                  | damage on your foes. [demonic ancestry]
  1089 | D:2      | Reached XP level 4. HP: 33/33 MP: 4/4
  1465 | D:3      | Found an ancient bone altar of Kikubaaqudgha.
  1609 | D:3      | Reached XP level 5. HP: 38/38 MP: 5/5
  1704 | D:3      | Found a basalt altar of Yredelemnul.
  1707 | D:3      | Noticed a profane servitor
  1845 | D:3      | Found a bloodstained altar of Trog.
  1845 | D:3      | Noticed Natasha
  1855 | D:3      | Killed Natasha
  1856 | D:3      | Reached skill level 6 in Ranged Weapons
  1953 | D:3      | Noticed an angel
  2002 | D:4      | Noticed a phantom
  2013 | D:4      | Killed a phantom
  2055 | D:4      | HP: 1/38 [ufetubus (2)]
  2249 | D:4      | Reached XP level 6. HP: 39/44 MP: 6/6
  2271 | D:4      | HP: 2/44 [bullfrog (1)]
  2273 | D:4      | Reached skill level 7 in Ranged Weapons
  2273 | D:4      | Slain by a gnoll

Illustrated notes

Levels and vault maps discovered:
D:1:      minmay_arrival_shattered_statue, layout_basic
D:2:      layout_basic, serial_shops, shop, kennysheep_donut,
          minmay_pentomino_q4
D:3:      layout_rooms, mainiacjoe_overflow_alcove_4, kiku_gazebo_pond_becter,
          grunt_temple_overflow_holy_war, lemuel_flame_loot_1, uniq_natasha
D:4:      layout_rooms, nicolae_ossuary_entry_giza

Skill      XL: |  1  2  3  4  5  6 |
---------------+-------------------+-----
Ranged Weapons | 4 5 6 7 |  7.0
Fighting       | |  2.0
Dodging        | |  1.7
Stealth        | |  0.8

Action                     |  1- 3 |  4- 6 || total
---------------------------+-------+-------++-------
   Fire: Shortbow          |   129 |   136 ||   265
 Armour: Leather armour    |    37 |    84 ||   121
  Dodge: Dodged            |    37 |    84 ||   121

Table legend: (Time is in decaauts)
 A = Elapsed time spent in this place.
 B = Non-inter-level travel time spent in this place.
 C = Inter-level travel time spent in this place.
 D = Time resting spent in this place.
 E = Time spent auto-exploring this place.
 F = Levels seen in this place.
 G = Mean time per level.
                   A        B        C        D        E       F      G
               +--------+--------+--------+--------+--------+-----+--------+
         Total |   2330 |   2272 |     58 |     95 |   1691 |   4 |  582.5 |
       Dungeon |   2330 |   2272 |     58 |     95 |   1691 |   4 |  582.5 |
               +--------+--------+--------+--------+--------+-----+--------+

Top non-repeatable levels by time:
     D:2: 850 daAuts
     D:3: 725 daAuts
     D:1: 605 daAuts
     D:4: 148 daAuts
